Map: Central Protocol

Players

MorN

  • Race: Terran Terran
  • League: Diamond

Rahck

  • Race: Terran Terran

FinnsoN

  • Race: Zerg Zerg
  • League: Diamond

Soab

  • Race: Zerg Zerg
  • League: Platinum

VOD

Have the link to the VOD?

Description

Time

  • Played on: Nov. 15, 2015, 7:15 p.m.
  • Length: 10:52
Show
View Real Time Build Order
Export as new Build Order

MorN Terran 

Build Orders: Liberator Opening, Reaper Expand, MMM Bio 

Get SALT Encoding   

  12  0:00  SCV  
  13  0:13  SCV  
  14  0:18  Supply Depot  
  14  0:25  SCV  
  15  0:40  SCV  
  15  0:42  Barracks  
  16  0:48  Refinery  
  16  0:52  SCV  
  17  1:08  SCV  
  19  1:31  Reaper, Orbital Command  
  19  1:41  Command Center  
  19  1:54  Supply Depot  
  19  1:56  Refinery  
  19  1:59  SCV  
  20  2:04  Barracks Reactor  
  20  2:11  SCV  
  21  2:23  SCV  
  21  2:24  Factory  
  22  2:36  SCV  
  23  2:42  Marine x2  
  25  2:49  SCV  
  26  2:54  Orbital Command  
  26  3:00  Marine x2  
  26  3:05  Bunker  
  28  3:12  Starport  
  28  3:15  SCV  
  29  3:24  Hellion  
  31  3:27  Barracks Tech Lab  
  31  3:33  Barracks Reactor  
  31  3:34  Hellion  
  31  3:36  SCV  
  31  3:37  SCV  
  35  3:48  Supply Depot, SCV  
  35  3:53  SCV  
  37  3:57  Hellion x2  
  37  3:59  Liberator  
  37  4:00  SCV  
  37  4:01  Liberator  
  42  4:06  SCV  
  43  4:12  SCV  
  47  4:19  Hellion x2  
  54  4:25  Supply Depot  
  54  4:30  Armory  
  54  4:46  SCV x2, Hellion x2  
  54  4:52  Supply Depot  
  60  4:54  Supply Depot  
  60  4:56  Liberator x2  
  60  4:57  Barracks Tech Lab  
  60  4:58  SCV  
  60  5:09  SCV  
  60  5:10  SCV  
  68  5:17  Marine  
  68  5:18  Supply Depot  
  69  5:23  Hellion  
  69  5:24  Hellion  
  69  5:26  SCV  
  69  5:27  Stimpack  
  74  5:29  SCV  
  75  5:38  SCV  
  75  5:40  Marauder  
  75  5:41  SCV  
  79  5:43  Command Center  
  79  5:46  Supply Depot  
  79  5:50  SCV  
  79  5:53  SCV  
  79  6:01  Marine  
  79  6:03  SCV  
  80  6:19  SCV, Barracks, Marine  
  80  6:20  Factory Reactor  
  80  6:23  Barracks x2  
  80  6:24  Starport Reactor  
  82  6:26  Barracks  
  82  6:29  SCV  
  77  6:34  SCV, Refinery  
  77  6:36  Marine  
  77  6:40  Engineering Bay  
  77  6:44  Engineering Bay  
  77  6:49  SCV x2  
  77  6:51  Supply Depot  
  79  6:54  Refinery, Marine  
  79  6:56  Orbital Command  
  80  7:01  SCV x2, Widow Mine  
  80  7:03  Widow Mine  
  86  7:10  Supply Depot  
  86  7:11  Barracks Tech Lab, Liberator x2  
  86  7:12  Marine  
  86  7:13  Barracks Reactor, SCV  
  86  7:14  Marine x3  
  86  7:15  Marine  
  88  7:20  SCV  
  79  7:30  Marine x2  
  79  7:32  Terran Infantry Weapons Level 1, Terran Infantry Armor Level 1  
  79  7:36  Missile Turret  
  81  7:39  Missile Turret  
  81  7:40  Marine  
  81  7:43  Combat Shields  
  82  7:45  Widow Mine  
  82  7:47  Widow Mine  
  82  7:50  Marine  
  87  7:51  Marine  
  87  7:52  Marine  
  87  7:54  Liberator  
  87  7:57  Marine x2  
  87  7:58  Supply Depot, Marine  
  92  8:00  Marine x2  
  94  8:08  Marine  
  94  8:09  Marine  
  99  8:21  Medivac  
  99  8:22  Marine x2, Orbital Command  
  99  8:23  Marine x3  
  104  8:29  Marine  
  104  8:30  Marine x2  
  107  8:40  Widow Mine x2, Marine x2  
  107  8:41  Marine  
  113  8:47  Missile Turret  
  114  8:49  Supply Depot x2  
  114  8:51  Medivac  
  114  8:53  Marine x2  
  114  8:54  Missile Turret  
  114  8:55  SCV  
  119  8:56  SCV  
  119  8:57  Supply Depot  
  119  8:59  Marine  
  119  9:02  Marine  
  122  9:03  Concussive Shells  
  122  9:05  Factory  
  122  9:07  Medivac  
  122  9:08  Widow Mine, Marine  
  122  9:09  Marine  
  128  9:10  Marine  
  128  9:12  SCV x2  
  128  9:14  Marine  
  132  9:23  SCV, Medivac  
  132  9:24  SCV x2, Sensor Tower  
  136  9:25  Missile Turret  
  136  9:29  Supply Depot, Marine  
  136  9:30  Supply Depot  
  139  9:31  Marine  
  139  9:34  Bunker  
  139  9:43  Refinery  
  139  9:44  Refinery  
  139  9:53  Marine x6  
  139  9:54  Marine x2  
  146  10:05  Factory Tech Lab  
  141  10:10  Missile Turret, Marine  
  141  10:11  Marine x6  
  141  10:12  Marine  
  148  10:24  Command Center  
  148  10:25  Barracks  
  148  10:26  Barracks  
  148  10:28  Barracks, Marine  
Show
View Real Time Build Order
Export as new Build Order

Rahck Terran 

Build Orders:  

Get SALT Encoding   

  12  0:00  Drone  
  13  0:11  Drone  
  14  0:36  Hatchery  
  14  0:38  Drone  
  14  0:46  Overlord  
  14  0:53  Drone, Extractor  
  15  1:05  Drone x2  
  17  1:12  Drone  
  18  1:20  Spawning Pool  
  18  1:23  Drone  
  18  1:29  Extractor  
  17  1:33  Drone  
  18  1:45  Overlord  
  18  1:54  Drone  
  19  2:03  Drone x2  
  19  2:07  Queen x2  
  25  2:14  Zergling x4  
  27  2:29  Metabolic Boost  
  27  2:31  Drone x2  
  27  2:36  Extractor  
  27  2:50  Drone  
  27  2:51  Drone x2  
  30  3:00  Overlord  
  30  3:12  Queen  
  29  3:19  Drone x4  
  35  3:27  Hatchery  
  35  3:29  Zergling x4  
  35  3:34  Evolution Chamber, Extractor  
  34  3:41  Drone x3  
  36  3:57  Overlord  
  36  4:05  Drone x3  
  36  4:06  Drone  
  40  4:16  Zergling x6  
  40  4:17  Zergling x6  
  46  4:29  Lair  
  46  4:31  Zerg Missile Weapons Level 1  
  46  4:32  Overlord x2  
  46  4:45  Queen  
  48  4:53  Drone x3  
  51  5:03  Evolution Chamber  
  51  5:04  Extractor x2  
  51  5:06  Drone x6  
  51  5:07  Drone x2  
  54  5:33  Spire  
  54  5:34  Zergling x12  
  60  5:38  Queen  
  62  5:48  Spine Crawler  
  62  5:49  Spine Crawler  
  53  6:08  Overlord x3  
  28  6:44  Mutalisk x6  
  39  6:47  Mutalisk x3  
  44  7:06  Queen  
  46  7:17  Drone x5  
  51  7:25  Drone x2  
  51  7:29  Drone  
  54  7:43  Drone x3  
  57  7:47  Drone x2  
  59  7:52  Hatchery  
  59  7:54  Drone  
  59  7:55  Drone x2  
  61  8:04  Zerg Flyer Weapons Level 1  
  55  8:17  Drone x6  
  55  8:35  Drone  
  55  8:36  Baneling Nest, Drone x2  
  57  8:58  Zergling x10  
  57  8:59  Zergling x2  
  57  9:01  Overseer  
  63  9:11  Mutalisk x6  
  63  9:15  Extractor  
  63  9:16  Extractor  
  73  9:18  Centrifical Hooks  
  73  9:31  Drone x6  
  75  9:36  Overlord  
  79  9:48  Mutalisk x5  
  83  10:10  Hydralisk Den  
  83  10:12  Zergling x2  
  83  10:13  Zergling x20  
  93  10:22  Zergling x2  
Show
View Real Time Build Order
Export as new Build Order

FinnsoN Zerg 

Build Orders:  

Get SALT Encoding   

Show
View Real Time Build Order
Export as new Build Order

Soab Zerg 

Build Orders:  

Get SALT Encoding   

Tags
 
Add a new tag
Caveats
  • Supply blocks, unpowered buildings, or Contaminate may cause inaccurate times.
  • Supply counts are checked every 10 seconds.